 Dungeon Crawl Stone Soup version 0.23.2-40-g277498a001 (webtiles) character file.

Game seed: 2532016999383544785

52 Jerej03 the Skirmisher (level 3, -4/29 HPs)
             Began as a Demonspawn Abyssal Knight on Oct 1, 2019.
             Was a Follower of Lugonu.
             Slain by a goblin (5 damage)
             ... led by Robin
             ... on level 3 of the Dungeon.
             The game lasted 00:37:54 (2242 turns).

Jerej03 the Skirmisher (Demonspawn Abyssal Knight)  Turns: 2242, Time: 00:37:54

Health: -4/29      AC: 12    Str: 13    XL:     3   Next: 60%
Magic:  4/4        EV:  9    Int: 13    God:    Lugonu [*.....]
Gold:   80         SH:  0    Dex: 17    Spells: 2/2 levels left

rFire    . . .     SeeInvis .   a - +1 falchion
rCold    . . .     Gourm    .   (no shield)
rNeg     . . .     Faith    .   w - +0 plate armour
rPois    .         Spirit   .   (no helmet)
rElec    .         Reflect  .   (no cloak)
rCorr    .         Harm     .   o - +0 pair of gloves
MR       .....                  (no boots)
Stlth    ..........             d - amulet of rage
HPRegen  0.09/turn              (no ring)
MPRegen  0.09/turn              (no ring)

@: agile
A: demonic guardian 1, powered by death 1
a: Depart the Abyss, Renounce Religion, Evoke Berserk Rage


You were on level 3 of the Dungeon.
You worshipped Lugonu.
Lugonu was aware of your devotion.
You were not hungry.

You visited 1 branch of the dungeon, and saw 3 of its levels.
You visited the Abyss 1 time.

You collected 80 gold pieces.

Inventory:

Hand Weapons
 a - a +1 falchion (weapon)
 k - a +0 spear
 l - a +0 mace
 q - a +0 hunting sling
Missiles
 n - 35 bolts
 p - 15 stones (quivered)
 v - 32 sling bullets
Armour
 b - a +0 leather armour
 i - a +0 ring mail
 o - a +0 pair of gloves (worn)
 w - a +0 plate armour (worn)
Jewellery
 d - an amulet of rage (around neck)
Scrolls
 m - a scroll of enchant weapon
Comestibles
 c - 3 rations
 t - a chunk of flesh


   Skills:
 + Level 3.5 Fighting
 * Level 2.1 Long Blades
 * Level 2.5 Armour
 + Level 1.6 Dodging
 + Level 2.4 Invocations


You had 2 spell levels left.
You didn't know any spells.
Your spell library was empty.

Dungeon Overview and Level Annotations

Branches:
Dungeon (3/15)

Altars:

Annotations:
D:2 Sigmund
D:3 Robin


Innate Abilities, Weirdness & Mutations

A weak demonic guardian rushes to your aid.
You regenerate a little health from kills.


Message History

Robin throws the goblin at you!
* * * LOW HITPOINT WARNING * * *
The goblin hits you but does no damage.
Your ufetubus misses the goblin. x2
The hobgoblin misses your ufetubus.
You aren't in the Abyss!
You aren't in the Abyss!
You slash the goblin!
You kill the goblin!
Lugonu accepts your kill. Robin throws the goblin at you!
Your ufetubus hits the goblin. Your ufetubus misses the goblin.
The goblin hits you but does no damage. The goblin barely misses you.
You riposte.
You closely miss the goblin.
The hobgoblin barely misses your ufetubus.
Your ufetubus closely misses the goblin.
Your ufetubus hits the goblin. You hit the goblin.
You kill the goblin!
Lugonu accepts your kill. The goblin hits you.
You die...

##.#.g.g
#....gg. #
#....g# #.
...%..#
#.##..g..#
#........#
#.g#...#
#<.5Sg.#
####@g.#
#...#
#####


You could see Robin, an adder, 2 hobgoblins, 4 goblins and a friendly ufetubus.

Vanquished Creatures
  A gnoll (D:1)
  An adder (D:2)
  A worm (D:2)
  A dart slug (D:1)
  A leopard gecko (D:1)
  6 bats
  7 goblins
  A hobgoblin (D:2)
  2 ball pythons (D:2)
  A frilled lizard (D:2)
  3 kobolds
  3 rats
28 creatures vanquished.

Vanquished Creatures (collateral kills)
  A goblin (D:3)
1 creature vanquished.

Grand Total: 29 creatures vanquished

Notes
Turn   | Place    | Note
-------+----------+-------------------------------------------
     0 | Abyss:1  | Jerej03 the Demonspawn Abyssal Knight began the quest for
                  | the Orb.
     0 | Abyss:1  | Reached XP level 1. HP: 18/18 MP: 2/2
    41 | Abyss:1  | Found a corrupted altar of Lugonu.
    63 | D:1      | Escaped the Abyss
   183 | D:1      | Reached * piety under Lugonu
   204 | D:1      | Reached skill level 1 in Dodging
   204 | D:1      | Gained mutation: You regenerate a little health from kills.
                  | [demonic ancestry]
   204 | D:1      | Reached XP level 2. HP: 7/24 MP: 3/3
  1624 | D:2      | Gained mutation: A weak demonic guardian rushes to your
                  | aid. [demonic ancestry]
  1624 | D:2      | Reached XP level 3. HP: 29/29 MP: 4/4
  2165 | D:2      | Noticed Sigmund
  2237 | D:3      | Noticed Robin
  2240 | D:3      | HP: 1/29 [Robin/goblin (2)]
  2242 | D:3      | Slain by a goblin

Skill      XL: |  1  2 |
---------------+-------+-----
Dodging        | 1 |  1.6
Long Blades    | 2 |  2.1
Armour         | 2 |  2.5
Fighting       | |  3.5
Invocations    | |  2.4

Action                   || total
-------------------------++-------
Melee: Falchion          ||    87
Invok: Depart the Abyss  ||     1
  Use: Potion            ||     6
       Scroll            ||     2
  Eat: Chunk             ||     4
       Ration            ||     1
Armor: Ring mail         ||    30
       Plate armour      ||    44
       Skin              ||     6
Dodge: Dodged            ||    56
       Rpst.: Falchion   ||    13
